Map: 카탈리스트 - 래더

Players

lllllllllll (sOs) - Winner!

  • Race: Protoss Protoss
  • League: Grandmaster
  • Spawn Location: 11:00

Bunny

  • Race: Terran Terran
  • Spawn Location: 5:00

VOD

Have the link to the VOD?

Description

Time

  • Played on: Dec. 23, 2017, 3:17 a.m.
  • Length: 9:03
Show
View Real Time Build Order
Export as new Build Order

lllllllllll Protoss - Winner!

Build Orders: 1 Gate Expand, Oracle Opening 

Get SALT Encoding   

  12  0:00  Probe  
  13  0:13  Probe  
  14  0:18  Pylon  
  14  0:25  Probe (Chrono Boost)  
  15  0:37  Probe (Chrono Boost)  
  15  0:38  Gateway  
  16  0:45  Probe (Chrono Boost)  
  16  0:47  Assimilator  
  17  0:51  Probe  
  18  1:03  Probe  
  19  1:15  Probe  
  20  1:25  Nexus  
  20  1:34  Cybernetics Core  
  20  1:37  Probe  
  21  1:42  Assimilator  
  21  1:49  Probe  
  21  1:52  Pylon  
  23  2:01  Probe  
  23  2:08  Adept (Chrono Boost)  
  23  2:13  Probe  
  26  2:19  Stargate  
  26  2:27  Adept, Probe  
  29  2:33  Warp Gate  
  29  2:44  Probe  
  29  2:45  Probe  
  31  2:54  Adept  
  31  2:58  Probe x2  
  34  3:02  Oracle (Chrono Boost)  
  37  3:10  Pylon  
  37  3:14  Probe x2  
  39  3:26  Probe x2  
  41  3:33  Oracle  
  44  3:38  Gateway  
  44  3:43  Gateway  
  44  3:46  Probe x2  
  44  3:58  Probe x2  
  46  4:10  Probe x2, Phoenix  
  48  4:22  Probe x2  
  48  4:23  Nexus  
  50  4:24  Pylon  
  48  4:33  Pylon  
  48  4:34  Probe x2  
  50  4:45  Stalker x3  
  56  4:46  Probe x2  
  56  4:48  Assimilator  
  56  4:49  Assimilator  
  58  4:55  Pylon  
  58  5:01  Twilight Council  
  58  5:02  Forge  
  58  5:08  Probe x2  
  60  5:15  Stalker x2  
  60  5:19  Stalker  
  60  5:20  Probe x2  
  66  5:35  Probe x2  
  68  5:36  Blink  
  65  5:51  Probe x3  
  65  5:53  Pylon, Protoss Ground Weapons Level 1 (Chrono Boost)  
  61  6:05  Stalker x3, Probe x2 (Chrono Boost)  
  67  6:12  Probe (Chrono Boost)  
  67  6:17  Gateway  
  67  6:18  Gateway  
  70  6:19  Gateway  
  70  6:21  Probe x2 (Chrono Boost)  
  70  6:23  Gateway  
  70  6:25  Gateway  
  70  6:30  Probe x2  
  72  6:38  Probe  
  73  6:42  Probe  
  73  6:43  Pylon, Probe  
  73  6:44  Photon Cannon  
  75  6:47  Stalker x2  
  75  6:51  Stalker  
  81  7:07  Probe x3  
  84  7:09  Assimilator  
  84  7:14  Forge  
  84  7:18  Pylon  
  84  7:20  Charge  
  84  7:23  Stalker x7  
  84  7:26  Probe x3  
  84  7:27  Assimilator  
  101  7:31  Pylon  
  91  8:04  Stalker x8  
  103  8:06  Probe x2  
  105  8:20  Nexus  
  105  8:21  Pylon  
  105  8:32  Sentry  
  105  8:33  Zealot x7  
  121  8:36  Robotics Facility  
  121  8:44  Pylon  
  117  8:53  Stalker x3  
  117  8:54  Zealot x2, Stalker x2  
Show
View Real Time Build Order
Export as new Build Order

Bunny Terran 

Build Orders: Gas First Reaper Expand, Reaper Expand, MMM Bio 

Get SALT Encoding   

  12  0:00  SCV  
  13  0:13  SCV  
  14  0:17  Supply Depot  
  14  0:25  SCV  
  15  0:29  Refinery  
  15  0:38  SCV  
  16  0:45  Barracks  
  16  0:50  SCV  
  17  1:02  SCV  
  18  1:15  SCV  
  19  1:31  Orbital Command  
  19  1:32  Reaper  
  20  1:52  Command Center  
  20  1:57  SCV  
  21  2:02  Factory  
  21  2:07  Barracks Reactor  
  21  2:09  SCV  
  21  2:14  Supply Depot  
  22  2:21  SCV  
  23  2:24  Refinery  
  23  2:36  SCV  
  24  2:48  SCV  
  25  2:52  Starport  
  25  2:54  Marine  
  25  2:55  Hellion x2  
  30  3:00  SCV  
  30  3:04  Supply Depot  
  30  3:12  SCV  
  31  3:26  Widow Mine x2, SCV, Marine  
  37  3:27  Orbital Command  
  37  3:32  Medivac  
  39  3:39  SCV  
  38  3:45  Marine  
  38  3:51  Hellion  
  38  4:00  SCV  
  38  4:01  SCV  
  38  4:02  Viking  
  40  4:04  Marine  
  37  4:16  SCV  
  34  4:26  SCV  
  34  4:31  SCV  
  35  4:38  SCV  
  35  4:40  Marine x2  
  35  4:45  Barracks  
  38  4:48  Barracks, SCV  
  38  4:51  SCV  
  38  4:52  Factory Tech Lab  
  40  4:55  Starport Tech Lab  
  40  5:00  SCV  
  40  5:03  SCV  
  40  5:04  Marine  
  40  5:05  Bunker  
  43  5:07  Marine  
  43  5:12  Siege Tank  
  47  5:16  SCV x2  
  49  5:22  Marine  
  49  5:25  Marine  
  52  5:28  SCV x2  
  51  5:37  Barracks Tech Lab  
  51  5:41  SCV x2  
  49  5:44  Marine x2  
  49  5:47  Marine  
  49  5:53  SCV x2, Siege Tank  
  49  5:55  Marine  
  54  6:02  Marine x2  
  53  6:07  Stimpack  
  53  6:10  SCV  
  54  6:15  SCV  
  54  6:17  Barracks  
  55  6:19  Marine  
  55  6:20  Barracks, Marine  
  55  6:21  Marine  
  55  6:24  Marine  
  59  6:32  Siege Tank  
  61  6:37  Marine  
  61  6:39  Combat Shields  
  61  6:40  Marine  
  61  6:45  Supply Depot, Starport Reactor  
  62  6:50  Supply Depot  
  62  6:57  Marine  
  62  7:01  Marine x3  
  62  7:04  Siege Tank, Marine  
  62  7:07  Marine  
  63  7:12  Supply Depot  
  63  7:15  Marine  
  64  7:19  Marine x2  
  64  7:21  Medivac x2  
  64  7:22  Marine x2  
  70  7:25  Marine  
  73  7:33  Marine  
  73  7:36  Siege Tank  
  77  7:37  Marine x2  
  77  7:40  Marine x2  
  77  7:43  Marine  
  82  7:50  Marine  
  74  7:52  Medivac  
  74  7:55  Marine x2  
  74  7:58  Marine x2  
  69  8:01  Marine  
  69  8:04  SCV x2  
  70  8:08  Marine  
  70  8:13  Marauder x2, Refinery  
  70  8:16  Marine x2  
  70  8:19  Marine  
  74  8:24  Supply Depot  
  74  8:26  Marine  
  75  8:32  Supply Depot  
  75  8:33  Marine  
  75  8:34  Marine x2  
  79  8:35  Marauder  
  79  8:36  Marine  
  84  8:44  Marine  
Tags
 
Add a new tag
Caveats
  • Supply blocks, unpowered buildings, or Contaminate may cause inaccurate times.
  • Supply counts are checked every 10 seconds.